 Dungeon Crawl Stone Soup version 0.16-a0-2652-gd333f3b (webtiles) character file.

4792 csdcRatboiler the Slicer (level 10, 0/70 HPs)
             Began as a Demonspawn Monk on Nov 23, 2014.
             Was a High Priest of Makhleb.
             Killed by divine providence
             ... invoked by a smoke demon
             ... summoned by the player character
              (13 damage)
             ... on level 10 of the Dungeon.
             The game lasted 01:03:53 (15025 turns).

csdcRatboiler the Slicer (Demonspawn Monk)         Turns: 15025, Time: 01:03:53

Health: 0/70       AC: 11    Str: 13    XL:     10   Next: 24%
Magic:  20/20      EV:  7    Int: 11    God:    Makhleb [*****.]
Gold:   591        SH:  0    Dex: 22    Spells: 3 memorised, 5 levels left

rFire  + . .     SeeInvis +     b - +2 short sword (protect)
rCold  x . .     Clarity  .     p - +0 ring mail
rNeg   . . .     SustAb   .     (no shield)
rPois  .         Gourm    .     (no helmet)
rElec  .         Spirit   .     (no cloak)
rCorr  .         Warding  .     (no gloves)
rMut   .         Stasis   .     (no boots)
MR     .....                    (no amulet)
Stlth  +.........               T - ring of see invisible
                                v - ring of fire

@: liquid flames, held, glowing, not resistant to hostile enchantments, very
unstealthy
A: hooves 2, thin skeletal structure 2, spiny 1
a: Minor Destruction, Lesser Servant of Makhleb, Major Destruction, Greater
Servant of Makhleb, Renounce Religion


You were on level 10 of the Dungeon.
You worshipped Makhleb.
Makhleb was extremely pleased with you.
You were not hungry.

You visited 1 branch of the dungeon, and saw 10 of its levels.

You collected 591 gold pieces.

Inventory:

Hand weapons
 a - a +1 dagger of electrocution
 b - a +2 short sword of protection (weapon)
 c - a +3 blowgun
 r - a +4 spear of freezing
 C - a +0 long sword
 M - a +0 hunting sling
 S - a +0 shortbow
Missiles
 g - 66 sling bullets
 h - 3 needles of slowing
 l - 39 poisoned needles
 n - 2 javelins
 o - 39 stones (quivered)
 s - a throwing net
 O - 8 poisoned javelins
 R - 23 arrows
 V - 3 poisoned arrows
 W - 9 sling bullets of frost
Armour
 p - a +0 ring mail (worn)
Magical staves
 j - an uncursed staff of cold
Jewellery
 v - a ring of fire (left hand)
 B - an uncursed ring of flight
 T - a ring of see invisible (right hand)
Magical devices
 i - a wand of confusion (0)
 G - a wand of disintegration (8)
 H - a wand of enslavement (4)
 Y - a wand of frost (21)
Scrolls
 k - a scroll of noise
 q - a scroll of immolation {unknown}
 u - 2 scrolls of remove curse {unknown}
 w - a scroll of amnesia {unknown}
 y - a scroll of recharging {unknown}
 D - a scroll of magic mapping {unknown}
 F - 2 scrolls of teleportation
 N - a scroll of enchant armour {unknown}
 P - a scroll of fear
 U - 2 scrolls of blinking {unknown}
Potions
 d - a potion of agility
 e - 3 potions of brilliance
 m - 2 potions of invisibility {unknown}
 t - 2 potions of might
 x - a potion of cure mutation {unknown}
 A - a potion of poison {unknown}
 E - 2 potions of confusion {unknown}
 I - a potion of cancellation {unknown}
 J - 2 potions of curing
 Q - a potion of restore abilities {unknown}
 X - a potion of berserk rage {unknown}
 Z - a potion of flight {unknown}
Books
 K - a Grand Grimoire {highlevel, unknown}

   This book is beyond your current level of understanding.

   Spells                             Type                      Level
   Aura of Abjuration                 Summoning                    6
   Forceful Dismissal                 Summoning                    6
   Summon Greater Demon               Summoning                    7
   Malign Gateway                     Summoning/Translocation      7
   Summon Horrible Things             Summoning                    8
Comestibles
 f - 2 royal jellies
 L - 3 bread rations


   Skills:
 - Level 3.0 Fighting
 - Level 9.9(10.0) Short Blades
 - Level 1.4(6.4) Long Blades
 - Level 5.0 Armour
 + Level 6.9 Dodging
 - Level 1.7 Stealth
 - Level 4.0 Unarmed Combat
 + Level 6.0 Invocations


You had 5 spell levels left.
You knew the following spells:

 Your Spells              Type           Power        Failure   Level  Hunger
a - Apportation           Tloc           #.........   45%         1    ##.....
b - Summon Butterflies    Summ           #.......     45%         1    ##.....
c - Blink                 Tloc           N/A          71%         2    ###....


Dungeon Overview and Level Annotations

Branches:
Dungeon (10/15)            Temple (0/1) D:7             Orc (0/4) D:10
   Lair: D:8-11

Altars:
Dithmenos
Elyvilon
Kikubaaqudgha
Makhleb
Qazlal
Ru
Trog
Vehumet
Xom

Annotations:
D:4 exclusion: statue, Menkaure; Vidiiot's ghost, average VSTm
D:5 Blork the orc; Sigmund
D:7 Joseph
D:8 exclusion: 3 doors
D:9 Erolcha
D:10 Harold


Innate Abilities, Weirdness & Mutations

You have hoof-like feet.
You have a moderately thin skeletal structure (Dex +4, Stealth+).
You are partially covered in sharp spines.


Message History

Harold casts a spell at you.
The bolt of fire hits the giant gecko.
The giant gecko dies!
The bolt of fire hits you! You resist.
The worker ant bites you but does no damage.
Drink which item? (? for menu, Esc to quit)
Okay, then.
You try to slip out of the net.
You are covered in liquid flames!
The worker ant barely misses you. The smoke demon completely misses you.
The smoke demon hits you but does no damage.
The smoke demon hits you.
You try to slip out of the net.
You are covered in liquid flames!
* * * LOW HITPOINT WARNING * * *
The worker ant bites you.
* * * LOW HITPOINT WARNING * * *
The smoke demon gestures at you. Something smites you!
You die...

▒·[···▒ ····▒▒·▒····P▒ ▒···P··
····▒ ······▒·▒··PPP▒▒▒▒P···P·
▒▒▒▒·▒▒▒▒▒·····▒·▒····P·P·PP··P··
···!(·@········▒·▒···P·P·····P·▒·
·····▒▒▒▒@·····▒·▒········P····▒·
··≈··▒ ▒······▒·▒·····P·PP······
·≈···▒ ▒·▒▒▒▒@▒·▒···▒P··········
·····▒ ▒······%·▒·············▒▒
·····▒ ▒······a@····▒▒▒···[·▒<▒·
·····▒ ▒······3·▒·▒······▒▒·▒)▒·
·····▒ ▒··)·▒▒····)·▒····▒▒·▒·▒·
···▒ ▒▒▒▒▒▒▒··▒·▒·······▒·▒···
▒▒▒·············▒··8
▒···········[)▒▒▒···
▒···········[<·[··▒·
▒▒▒▒··≈····▒▒▒·▒▒▒▒·
▒···········▒ ▒·


You could see Harold, a smoke demon and a worker ant.

Vanquished Creatures
  Pikel (D:8)
  Prince Ribbit (D:9)
  A troll (D:9)
  A two-headed ogre (D:8)
  2 wyverns
  A hungry ghost (D:9)
  Edmund (D:4)
  A water moccasin (D:8)
  3 orc warriors
  A slave (D:7)
  A phantom (D:10)
  3 sky beasts
  3 centaurs
  A crocodile (D:10)
  A gnoll sergeant (D:6)
  6 giant frogs
  2 scorpions
  2 troll zombies (D:10)
  A killer bee (D:10)
  A crimson imp (D:9)
  2 giant frog zombies
  A centaur zombie (D:8)
  2 centaur skeletons
  5 orc priests
  4 hounds
  6 orc wizards
  2 iguanas
  5 worker ants
  Natasha (thrice) (D:4)
  5 ogre zombies (D:10)
  A hound zombie (D:7)
  3 hound skeletons
  Terence (D:2)
  9 gnolls
  2 worker ant zombies
  14 adders
  A shadow imp (D:7)
  4 river rats
  An adder skeleton (D:4)
  An ooze (D:6)
  47 orcs
  3 ball pythons
  A bat skeleton (D:6)
  6 giant cockroaches
  12 goblins
  14 hobgoblins
  15 jackals
  21 bats
  6 giant geckos
  8 giant newts
  A giant spore (D:8)
  A goblin skeleton (D:10)
  2 goblin zombies (D:10)
  A hobgoblin zombie (D:10)
  A jackal skeleton (D:8)
  19 kobolds
  An orc skeleton (D:10)
  13 orc zombies (D:10)
  4 quokkas
  A quokka skeleton (D:9)
  21 rats
  4 ballistomycetes (D:8)
308 creatures vanquished.

Vanquished Creatures (collateral kills)
  An orc wizard (D:9)
1 creature vanquished.

Vanquished Creatures (others)
  An orange demon (D:8)
  A neqoxec (D:8)
  2 slaves (D:8)
  A giant gecko (D:10)
  2 orcs (D:8)
  A giant spore (D:8)
  A rat (D:8)
9 creatures vanquished.

Grand Total: 318 creatures vanquished

Notes
Turn   | Place    | Note
--------------------------------------------------------------
     0 | D:1      | csdcRatboiler, the Demonspawn Monk, began the quest for the Orb.
     0 | D:1      | Reached XP level 1. HP: 18/18 MP: 1/1
   701 | D:1      | Reached skill level 4 in Unarmed Combat
   912 | D:1      | Gained mutation: You have a somewhat thin skeletal structure (Dex +2, Stealth). [demonic ancestry]
   912 | D:1      | Reached XP level 2. HP: 21/24 MP: 2/2
  1271 | D:1      | Reached skill level 1 in Short Blades
  1696 | D:2      | Reached XP level 3. HP: 29/29 MP: 3/3
  1706 | D:2      | Found a sacrificial altar of Ru.
  2058 | D:2      | Noticed Terence
  2088 | D:2      | Killed Terence
  2407 | D:1      | Reached XP level 4. HP: 35/35 MP: 4/4
  3908 | D:3      | Gained mutation: You have large cloven feet. [demonic ancestry]
  3908 | D:3      | Reached XP level 5. HP: 25/41 MP: 5/5
  4029 | D:3      | Found a burning altar of Makhleb.
  4095 | D:3      | Became a worshipper of Makhleb the Destroyer
  4095 | D:3      | Acquired Makhleb's first power
  4095 | D:3      | Acquired Makhleb's second power
  4221 | D:4      | Noticed Menkaure
  4819 | D:4      | Noticed Natasha
  4999 | D:4      | Reached skill level 5 in Short Blades
  5024 | D:4      | Noticed Vidiiot's ghost (average VSTm)
  5102 | D:4      | Found a bloodstained altar of Trog.
  5175 | D:4      | Noticed Edmund
  5211 | D:4      | Killed Edmund
  5211 | D:4      | Gained mutation: You have hoof-like feet. [demonic ancestry]
  5211 | D:4      | Reached XP level 6. HP: 47/47 MP: 6/6
  5255 | D:4      | Found a shadowy altar of Dithmenos.
  5290 | D:4      | Killed Natasha
  5310 | D:4      | Found a bloodstained altar of Trog.
  5552 | D:5      | Entered Level 5 of the Dungeon
  5603 | D:5      | Found a shimmering altar of Xom.
  5752 | D:5      | Reached skill level 6 in Short Blades
  6192 | D:5      | Noticed Blork the orc
  6549 | D:4      | Found a radiant altar of Vehumet.
  6626 | D:5      | Acquired Makhleb's third power
  6697 | D:5      | Reached XP level 7. HP: 40/52 MP: 7/7
  7108 | D:5      | Noticed Sigmund
  7299 | D:4      | Noticed Natasha
  7315 | D:4      | Killed Natasha
  7324 | D:4      | Noticed Natasha
  7544 | D:4      | Killed Natasha
  7788 | D:6      | Found a stormy altar of Qazlal.
  8079 | D:6      | Reached skill level 5 in Invocations
  8329 | D:6      | Acquired Makhleb's fourth power
  8619 | D:6      | Reached skill level 1 in Long Blades
  8883 | D:6      | Gained mutation: You have a moderately thin skeletal structure (Dex +4, Stealth+). [demonic ancestry]
  8883 | D:6      | Reached XP level 8. HP: 58/58 MP: 15/15
  9931 | D:7      | Found a staircase to the Ecumenical Temple.
 10305 | D:7      | Reached skill level 7 in Short Blades
 10553 | D:7      | Reached skill level 5 in Dodging
 10896 | D:7      | Noticed Joseph
 10951 | D:8      | Found an ancient bone altar of Kikubaaqudgha.
 10986 | D:8      | Noticed Pikel
 11644 | D:8      | Acquired Makhleb's fifth power
 11759 | D:8      | Reached skill level 1 in Armour
 11759 | D:8      | Gained mutation: You are partially covered in sharp spines. [demonic ancestry]
 11759 | D:8      | Reached XP level 9. HP: 52/63 MP: 17/17
 11966 | D:8      | Learned a level 1 spell: Apportation
 11968 | D:8      | Learned a level 1 spell: Summon Butterflies
 11971 | D:8      | Learned a level 2 spell: Blink
 11993 | D:8      | Found a white marble altar of Elyvilon.
 12091 | D:8      | Reached skill level 8 in Short Blades
 12304 | D:8      | Killed Pikel
 12703 | D:8      | Noticed a two-headed ogre
 12718 | D:8      | Killed a two-headed ogre
 12730 | D:8      | Reached skill level 9 in Short Blades
 13002 | D:9      | Noticed Erolcha
 13246 | D:9      | Noticed Prince Ribbit
 13263 | D:9      | Killed Prince Ribbit
 13430 | D:9      | Reached skill level 5 in Armour
 14060 | D:9      | Reached XP level 10. HP: 70/70 MP: 18/18
 14094 | D:10     | Entered Level 10 of the Dungeon
 14363 | D:10     | Found a staircase to the Orcish Mines.
 14995 | D:10     | Noticed Harold
 15025 | D:10     | Killed from afar by a smoke demon

Action                   |  1- 3 |  4- 6 |  7- 9 | 10-12 || total
-------------------------+-------+-------+-------+-------++-------
Melee: Unarmed           |    21 |       |       |       ||    21
       Dagger            |   109 |   233 |   457 |   216 ||  1015
       Short sword       |       |       |    22 |       ||    22
       Whip              |       |       |     9 |       ||     9
       Spear             |       |       |    16 |       ||    16
 Fire: Shortbow          |       |       |    23 |       ||    23
Throw: Stone             |     8 |    38 |    37 |       ||    83
       Javelin           |     2 |       |     1 |       ||     3
Invok: Lesser Servant of |       |       |     3 |     1 ||     4
       Major Destruction |       |       |     1 |       ||     1
Evoke: Wand              |       |     2 |    10 |       ||    12
  Use: Potion            |     1 |       |     3 |       ||     4
       Scroll            |       |     5 |     7 |       ||    12
 Stab: Sleeping          |     1 |     6 |     5 |       ||    12
       Confused          |       |     1 |     2 |       ||     3
       Distracted        |       |       |     1 |       ||     1
  Eat: Chunk             |     5 |     7 |     2 |       ||    14
       Beef jerky        |       |     1 |       |       ||     1
       Bread ration      |       |     1 |     2 |       ||     3
       Meat ration       |       |       |     3 |     1 ||     4
       Pizza             |       |       |     1 |       ||     1
